 Dungeon Crawl Stone Soup version 0.19.5 (webtiles) character file.

67 raph the Sneak (level 4, -2/24 HPs)
             Began as a Kobold Enchanter on Mar 15, 2017.
             Slain by a goblin
             ... wielding a +0 club
             ... led by Robin
              (7 damage)
             ... on level 2 of the Dungeon.
             The game lasted 00:04:28 (1884 turns).

raph the Sneak (Kobold Enchanter)                   Turns: 1884, Time: 00:04:29

Health: -2/24      AC:  4    Str:  5    XL:     4   Next: 38%
Magic:  1/7        EV: 16    Int: 16    God:
Gold:   81         SH:  0    Dex: 16    Spells: 3 memorised, 1 level left

rFire  . . .     SeeInvis .     a - +1 dagger
rCold  . . .     Gourm    .     b - +2 robe
rNeg   . . .     Faith    .     (shield restricted)
rPois  +         Spirit   .     (no helmet)
rElec  .         Reflect  .     (no cloak)
rCorr  .         Harm     .     (no gloves)
MR     .....                    (no boots)
Stlth  +++.......               (no amulet)
                                (no ring)
                                g - ring of poison resistance

@: very slightly contaminated
A: carnivore 3
a: no special abilities


You were on level 2 of the Dungeon.
You were full.

You visited 1 branch of the dungeon, and saw 2 of its levels.

You collected 81 gold pieces.

Inventory:

Hand Weapons
 a - a +1 dagger (weapon)
Missiles
 f - 8 tomahawks (quivered)
Armour
 b - a +2 robe (worn)
Jewellery
 g - a ring of poison resistance (left hand)
Wands
 o - a wand of hasting (4/9)
Scrolls
 e - a scroll of enchant armour
 p - 2 scrolls of remove curse
Potions
 h - a potion of ambrosia
 k - a potion of heal wounds {unknown}
 l - a potion of resistance {unknown}
 m - a potion of haste {unknown}
 n - a potion of might {unknown}
Books
 c - a book of Maledictions

   Spells                             Type                      Level
   a - Corona                         Hexes                        1
   b - Ensorcelled Hibernation        Hexes/Ice                    2
   c - Confuse                        Hexes                        3
   d - Tukima's Dance                 Hexes                        3
   e - Dazzling Spray                 Conjuration/Hexes            3
Comestibles
 d - 2 meat rations
 j - a slice of pizza


   Skills:
 - Level 0.2 Fighting
 * Level 3.1 Short Blades
 + Level 2.8 Dodging
 * Level 4.5 Stealth
 + Level 2.3 Spellcasting
 * Level 3.7 Hexes


You had one spell level left.
You knew the following spells:

 Your Spells              Type           Power        Failure   Level  Hunger
a - Corona                Hex            ##.....      6%          1    #......
b - Ensorcelled Hibernat  Hex/Ice        #.....       17%         2    ###....
c - Confuse               Hex            ##......     14%         3    ###....


Dungeon Overview and Level Annotations

Branches:
Dungeon (2/15)

Altars:
Qazlal
Xom

Annotations:
D:2 Robin


Innate Abilities, Weirdness & Mutations

You are small and have problems with some larger weapons.
You are carnivorous and can eat meat at any time.


Message History

The goblins go into a battle-frenzy!
You hit Robin.
Robin is lightly wounded.
The goblin barely misses you. The hobgoblin misses you.
Robin hits you but does no damage.
You hit Robin.
Robin is lightly wounded.
Casting: Ensorcelled Hibernation
Confirm with . or Enter, or press ? or * to list all spells.
Aiming: Corona
Press: ? - help, Shift-Dir - straight line, f - Robin
Aim: Robin, wielding a dagger, wearing an animal skin and wearing a shimmering helmet (lightly wounded, chance to defeat MR: 58%)
You miscast Corona.
Nothing appears to happen.
The goblin barely misses you. Robin throws the goblin at you!
The hobgoblin hits you with a club!
* * * LOW HITPOINT WARNING * * *
Robin throws the goblin at you! The goblin hits you.
* * * LOW HITPOINT WARNING * * *
The goblin barely misses you. Robin throws the goblin at you!
The goblin hits you with a club!
You die...

#.......# #.#.#...........#
###...### #.#......###.####
#...# #......#.# #...#
#####...##.#
#...####$(.)....#.########
#####...#.....##....#.##.....#
..............##gg..#.##.....#
..............##.g......)....#
>.............##@##.####.....#
#####...#...#.##g##.# #.....#
#...#####.......# #######
#...# ####>#### #...# #.#
###...########.#
###............#.#
#......##.####.#.#####.
#.#.##.#..............#


You could see Robin, a hobgoblin and 2 goblins.

Vanquished Creatures
  2 adders (D:2)
  A gnoll (D:1)
  2 dart slugs
  2 leopard geckos
  A giant cockroach (D:1)
  2 hobgoblins
  3 kobolds
  A bat (D:1)
  2 frilled lizards
  13 goblins
  3 rats (D:1)
32 creatures vanquished.

Notes
Turn   | Place    | Note
-------+----------+-------------------------------------------
     0 | D:1      | raph the Kobold Enchanter began the quest for the Orb.
     0 | D:1      | Reached XP level 1. HP: 10/10 MP: 3/3
   334 | D:1      | Reached XP level 2. HP: 11/15 MP: 3/5
   369 | D:1      | Learned a level 2 spell: Ensorcelled Hibernation
   739 | D:1      | Reached XP level 3. HP: 19/19 MP: 0/6
   800 | D:1      | Learned a level 3 spell: Confuse
   926 | D:1      | Found a shimmering altar of Xom.
  1070 | D:2      | Found a stormy altar of Qazlal.
  1379 | D:2      | Reached XP level 4. HP: 24/24 MP: 5/7
  1640 | D:2      | Noticed Robin
  1884 | D:2      | Slain by a goblin

Skill      XL: |  1  2  3  4 |
---------------+-------------+-----
Short Blades   | 2 3 |  3.1
Fighting       | |  0.2
Dodging        | |  2.8
Stealth        | |  4.5
Spellcasting   | |  2.3
Hexes          | |  3.7

Action                   |  1- 3 |  4- 6 || total
-------------------------+-------+-------++-------
Melee: Dagger            |   103 |    37 ||   140
 Cast: Corona            |    19 |     5 ||    24
       Ensorcelled Hiber |     4 |     8 ||    12
       Confuse           |       |     1 ||     1
  Use: Scroll            |     2 |     1 ||     3
 Stab: Sleeping          |     4 |     5 ||     9
  Eat: Chunk             |     9 |       ||     9
Armor: Robe              |    15 |     3 ||    18
Dodge: Dodged            |    71 |    47 ||   118
